AoeStats
← Brazy_Boy4

Arena

510446537Analyzed
4v4 RM · 2d ago on Oct 1, 2026· 43m 42s· 8 players
Game mode
Random Map
Map size
Large (8 player)
Population
200
Speed
Normal
Resources
Standard
Victory
Conquest
Starting age
Dark Age
Ending age
Imperial Age
RankedLock teamsTeams togetherTeam positionsShared explorationLock speedFull tech treeHidden civsTurbo modeCheats
Victory
Defeat
🇲🇽 Persians · Mexico
1168
+13
🇺🇸 Danes · United States
1120
+15
🇺🇸 Bohemians · United States
1082
+16
🇺🇸 Hindustanis · United States
1076
+17
🇨🇱 Saracens · Chile
1118
-16
🇨🇱 Vietnamese · Chile
1118
-16
🇦🇷 Goths · Argentina
1099
-15
🇵🇪 Lithuanians · Peru
1064
-14
[TP] Maxigaarp
11:24 Feudal Age
15:08 Castle Age
13:05 Horse Collar
13:13 Double-Bit Axe
19:45 Loom
20:47 Wheelbarrow
22:12 Heavy Plow
24:44 Hand Cart
25:24 Husbandry
25:35 Bloodlines
24:47 Light Cavalry
26:00 Forging
25:59 Scale Barding Armor
26:37 Forging
29:42 Iron Casting
29:27 Chain Barding Armor
29:49 Pikeman
30:30 Squires
30:16 Arson
34:32 Imperial Age
34:29 Scale Mail Armor
36:04 Elite Mameluke
36:18 Heavy Camel Rider
37:20 Chain Mail Armor
38:06 Blast Furnace
37:42 Plate Barding Armor
39:41 Plate Mail Armor
40:26 Conscription
43:11 Fletching
42:45 Hussar
Im_𝕲
11:45 Feudal Age
16:40 Castle Age
14:57 Double-Bit Axe
22:50 Pikeman
24:44 Gold Mining
30:45 Imperial Age
29:09 Fletching
29:53 Elite Skirmisher
29:54 Light Cavalry
30:45 Bloodlines
30:18 Horse Collar
30:53 Bow Saw
32:41 Wheelbarrow
31:55 Pikeman
33:43 Ballistics
35:54 Chemistry
34:43 Cavalier
36:41 Scale Barding Armor
36:47 Forging
41:33 Bodkin Arrow
41:38 Padded Archer Armor
42:17 Bracer
43:23 Hand Cart
TheDuff_KøK
10:50 Feudal Age
14:22 Castle Age
12:54 Horse Collar
13:18 Double-Bit Axe
15:33 Wheelbarrow
19:59 Town Watch
20:46 Heavy Plow
23:46 Gold Mining
23:48 Stone Mining
24:23 Hand Cart
26:25 Bow Saw
26:04 Loom
30:33 Imperial Age
28:19 Squires
29:00 Anarchy
29:10 Scale Barding Armor
29:07 Scale Mail Armor
29:18 Forging
29:55 Forging
30:28 Stone Shaft Mining
31:18 Chain Mail Armor
31:39 Iron Casting
30:49 Elite Huskarl
31:55 Conscription
32:08 Perfusion
34:01 Crop Rotation
32:58 Pikeman
33:55 Town Patrol
33:32 Halberdier
35:40 Man-at-Arms
38:29 Blast Furnace
38:44 Murder Holes
39:10 Ballistics
39:50 Chemistry
41:32 Long Swordsman
[TP] TheZizar
10:23 Feudal Age
9:37 Loom
15:11 Castle Age
14:12 Horse Collar
18:52 Double-Bit Axe
20:40 Bow Saw
21:17 Heavy Plow
25:40 Wheelbarrow
28:49 Imperial Age
30:20 Hand Cart
29:36 Elite Skirmisher
31:39 Two-Man Saw
31:12 Crop Rotation
30:42 Gold Mining
30:44 Stone Mining
30:21 Imperial Skirmisher
Sir Jones the Cool
10:34 Feudal Age
14:34 Castle Age
12:47 Double-Bit Axe
13:57 Horse Collar
16:44 Heavy Plow
17:56 Loom
18:39 Bow Saw
22:21 Wheelbarrow
22:35 Gold Mining
24:02 Scale Barding Armor
24:08 Forging
27:56 Imperial Age
25:49 Hand Cart
26:47 Chain Barding Armor
26:56 Husbandry
27:09 Bloodlines
27:53 Iron Casting
27:19 Stone Mining
28:18 Heavy Camel Rider
30:11 Plate Barding Armor
33:12 Blast Furnace
31:51 Imperial Camel Rider
35:32 Conscription
39:00 Light Cavalry
41:13 Padded Archer Armor
40:43 Hussar
42:56 Chemistry
43:38 Leather Archer Armor
43:33 Shatagni
43:34 Grand Trunk Road
Brazy_Boy4
1:58 Loom
11:06 Feudal Age
13:00 Double-Bit Axe
13:00 Horse Collar
18:08 Castle Age
20:28 Forging
24:16 Bow Saw
25:22 Scale Mail Armor
27:28 Wheelbarrow
28:33 Arson
28:34 Gambesons
30:24 Chain Mail Armor
33:24 Imperial Age
31:29 Squires
32:05 Gold Mining
33:26 Iron Casting
32:40 Hamask
38:02 Elite Jomsviking
43:27 Blast Furnace
42:59 Plate Mail Armor
43:42 Chemistry
43:03 Ballistics
Stevarino21
10:33 Feudal Age
13:11 Loom
16:00 Castle Age
14:18 Fletching
14:17 Double-Bit Axe
14:24 Horse Collar
15:09 Fletching
16:29 Padded Archer Armor
18:36 Bow Saw
18:33 Crossbowman
20:29 Wheelbarrow
22:29 Bodkin Arrow
27:56 Ballistics
30:43 Leather Archer Armor
30:43 Heavy Plow
34:11 Imperial Age
33:33 Chemistry
34:19 Arbalester
35:02 Bracer
36:29 Conscription
38:16 Hand Cart
42:05 Wagenburg Tactics
44:07 Ring Archer Armor
hugobsky
9:56 Feudal Age
14:41 Castle Age
13:50 Double-Bit Axe
14:18 Horse Collar
19:51 Bow Saw
20:32 Heavy Plow
23:53 Wheelbarrow
25:25 Gold Mining
25:26 Stone Mining
30:20 Imperial Age
27:46 Loom
27:48 Town Watch
28:20 Hand Cart
28:20 Pikeman
29:12 Forging
29:57 Squires
30:12 Bloodlines
31:09 Town Patrol
31:19 Husbandry
30:42 Cavalier
30:44 Light Cavalry
32:52 Chemistry
36:42 Scale Barding Armor
37:14 Iron Casting
38:34 Savar
40:52 Chain Barding Armor
41:53 Blast Furnace
Connection lost

Rejoining the realm…

Still unreachable

The connection could not be restored.

Session expired

The server has moved on; the page needs a fresh start.